 Dungeon Crawl Stone Soup version 0.30-a0-141-g30f27751c5 (webtiles) character file.

Game seed: 17286693702671627773

79964 qw the Severer (level 15, -5/96 HPs)
             Began as a Gargoyle Fighter on Sept 25, 2022.
             Was a High Priest of Okawaru.
             Killed from afar by a deep elf sorcerer (31 damage)
             ... with a bolt of acid
             ... on level 3 of the Abyss.
             The game lasted 00:09:42 (19009 turns).

qw the Severer (Gargoyle Fighter)                  Turns: 19009, Time: 00:09:42

Health: -5/96      AC: 47    Str: 33    XL:     15   Next: 65%
Magic:  17/22      EV: 11    Int:  9    God:    Okawaru [*****.]
Gold:   1655       SH: 14    Dex: 11    Spells: 14/14 levels left

rFire   . . .      SeeInvis .    Y - +1 broad axe (vorpal)
rCold   + . .      Faith    .    r - +0 kite shield
rNeg    + . .      Spirit   .    l - +4 plate armour {rC+}
rPois   inf        Reflect  .    D - +2 hat
rElec   +          Harm     .    u - +0 cloak
rCorr   .          Rampage  inf  x - +1 pair of gloves
Will    +....                    w - +3 pair of seven-league boots {Rampage+∞}
Stlth   ..........               (no amulet)
HPRegen 1.06/turn                o - +4 ring of protection
MPRegen 0.18/turn                q - +6 ring of strength

@: about to teleport, heroic, finesse-ful, flying
A: sickness immunity, AC +11, big wings, negative energy resistance 1,
electricity resistance, torment resistance 1, petrification resistance, antennae
1, thin skeletal structure 1, regeneration 1, screaming 1
a: Renounce Religion, Heroism, Finesse, Duel


You were on level 3 of the Abyss.
You worshipped Okawaru.
Okawaru was extremely pleased with you.
You visited 2 branches of the dungeon, and saw 19 of its levels.
You visited the Abyss 2 times.

You collected 1655 gold pieces.


Innate Abilities, Weirdness & Mutations

You are immune to sickness and miasma.
Your stone body is resilient. (AC +11)
You are immune to poison.
Your large and strong wings let you fly.
You resist negative energy. (rN+)
You are resistant to electric shocks. (rElec)
You are resistant to unholy torment.
You are immune to petrification.
You have a pair of small antennae on your head.
You have a somewhat thin skeletal structure. (Dex +2, Stealth+)
Your natural rate of healing is unusually fast.
You occasionally shout uncontrollably at your foes.


   Skills:
 - Level 12.0(17.0) Fighting
 - Level 16.0(21.0) Axes
 - Level 6.0(11.0) Throwing
 - Level 11.0(16.0) Armour
 - Level 3.0(8.0) Dodging
 + Level 12.8(17.8) Shields
 - Level 10.0 Invocations


You had 14 spell levels left.
You didn't know any spells.
Your spell library was empty.

Inventory:

Hand Weapons
 A - a +1 demon whip of venom
 Y - a +1 vorpal broad axe (weapon)
Missiles
 y - 2 boomerangs (quivered)
 B - 4 javelins
 E - 3 silver javelins
Armour
 l - a +4 plate armour of cold resistance (worn)
 r - a +0 kite shield (worn)
 u - a +0 cloak (worn)
 w - the +3 pair of seven-league boots (worn) {Rampage+∞}
   (Okawaru gifted it to you on level 2 of the Lair of Beasts)

   Its wearer moves as far as possible in that direction when moving towards
   enemies.
 x - a +1 pair of gloves (worn)
 D - a +2 hat (worn)
Jewellery
 h - a ring of fire
 i - a ring of wizardry
 m - a ring of protection from cold
 o - a +4 ring of protection (left hand)
 q - a +6 ring of strength (right hand)
 t - a ring of ice
 v - a ring of ice
 C - the ring "Nuaclaa" {Fire rPois Str+3 Int+4}
   (You found it on level 3 of the Lair of Beasts)

   [ring of fire]

   It enhances your fire magic.
   Str:       It affects your strength (+3).
   Int:       It affects your intelligence (+4).
   rF:        It protects you from fire.
   rC:        It makes you vulnerable to cold.
   rPois:     It protects you from poison.
Scrolls
 p - 9 scrolls of identify
 s - 6 scrolls of teleportation
Potions
 a - 4 potions of lignification
 b - 4 potions of attraction
 c - a potion of heal wounds
 d - 3 potions of might
 e - 4 potions of curing
 f - 3 potions of haste
 g - 3 potions of cancellation
 j - 3 potions of mutation
 k - a potion of resistance
 n - a potion of magic

Dungeon Overview and Level Annotations

Branches:
Dungeon (13/15)            Temple (0/1) D:6            Lair (5/5) D:8
 Shoals (0/4) Lair:3       Spider (0/4) Lair:3        Slime (0/5) Lair:5
    Orc (0/2) D:11
 Vaults: D:13-14

Altars:
Cheibriados
Dithmenos
Fedhas
Hepliaklqana
Makhleb
Nemelex Xobeh
Okawaru
Ru
Sif Muna
Trog
Uskayaw
Yredelemnul
Jiyva

Shops:
D:1 (   D:7 :   D:15 [

Annotations:
D:8 4 transporters


Message History

The thorn hunter is almost destroyed.
You hit the ufetubus.
The deep elf sorcerer wildly gestures.
You feel troubled.
The deep elf sorcerer casts a spell.
The deep elf sorcerer seems to speed up.
The thorn hunter fires a volley of thorns at you.
The volley of thorns hits you!!
19006 ||| READING 7 scrolls of teleportation.
As you read the scroll of teleportation, it crumbles to dust.
You feel strangely unstable.
You feel the power of the Abyss delaying your translocation!
The will-o-the-wisp blinks!
The thorn hunter hits you but does no damage. x2
The ufetubus hits you but does no damage.
You block the ufetubus's attack.
You hit the thorn hunter.
The thorn hunter is almost destroyed.
You hit the starcursed mass but do no damage.
You slice the ufetubus!!
You kill the ufetubus!
The ufetubus disappears in a puff of smoke!
You slash the thorn hunter!
You destroy the thorn hunter!
Okawaru is honoured by your kill.
You slash the starcursed mass!
The starcursed mass shudders and is absorbed by its neighbour.
You slash the starcursed mass!
You destroy the starcursed mass!
Okawaru accepts your kill.
You miss the ufetubus.
The deep elf sorcerer casts a spell at you.
The bolt of acid hits the ufetubus!!!
The ufetubus dies!
The ufetubus disappears in a puff of smoke!
The bolt of acid hits the ufetubus!!!
The ufetubus dies!
The ufetubus disappears in a puff of smoke!
The bolt of acid hits you!!
You die...

... ##.. # # .
.. #.# # .
....#...#. #. #
.. #.#.. # ##.
##...# # #.
.##. ## #.#. ##
# #...[#.. ..#
# # #.{#.#.#¤.#
# # .
...v#X#¤####P#
#
..¤e¤¤.@%....#
..
..5#.55###.....
.# . #5tt #.#.
# . #.c3 . .#
.'.\. . +.#...
. ###... . #
###.


You could see a starcursed mass, a satyr, 2 apocalypse crabs, a ynoxinul and 3
ufetubi.

Vanquished Creatures
  2 tentacled starspawn
  A thorn hunter (Abyss:3)
  A draconian monk (Abyss:2)
  Azrael (D:15)
  A white draconian (Abyss:2)
  Josephine (Lair:5)
  A fire dragon (D:15)
  3 vault guards (D:15)
  Fannar (Lair:1)
  Harold (Lair:1)
  2 hydras
  Erolcha (D:9)
  A catoblepas (Lair:5)
  An ogre mage (D:15)
  4 centaur warriors
  2 hell hogs
  3 boulder beetles
  4 two-headed ogres
  A deep troll shaman (Lair:5)
  A tengu warrior (D:13)
  3 death yaks (Lair:5)
  3 thrashing horrors
  Amaemon (Lair:3)
  4 skeletal warriors (D:13)
  A shadow demon (Abyss:2)
  A glowing orange brain (Abyss:2)
  A deep elf zephyrmancer (D:15)
  A necromancer (D:15)
  A wolf spider (D:15)
  An oklob plant (Lair:5)
  3 large abominations (Abyss:2)
  6 cyclopes
  3 manticores
  11 elephants
  3 black mambas
  A guardian serpent (Abyss:3)
  2 orange demons
  An apocalypse crab (Abyss:2)
  4 centaur skeletons (D:15)
  11 cane toads
  An efreet (Abyss:2)
  2 rime drakes (Lair:3)
  9 komodo dragons
  An ancient zyme (Abyss:3)
  A meliai (D:15)
  2 trolls (D:12)
  2 polar bears
  Grinder (D:5)
  19 blink frogs
  3 raiju (Abyss:2)
  9 slime creatures
  6 dream sheep (Lair:4)
  2 shadows
  2 wyverns
  5 wraiths
  2 vampires
  53 yaks
  A fire elemental (D:15)
  4 fire bats (Abyss:2)
  A golden eye (Abyss:3)
  A basilisk (Lair:4)
  A neqoxec (Abyss:2)
  7 vampire mosquitoes
  A chaos spawn (Abyss:3)
  2 redbacks (Lair:3)
  3 steam dragons
  3 hell hounds (D:15)
  An acid dragon (D:13)
  13 water moccasins
  2 floating eyes (D:15)
  A small abomination (Abyss:2)
  Duvessa (D:7)
  4 black bears
  2 ice beasts
  4 orc warriors
  A sky beast (D:6)
  26 wolves
  3 ogres
  8 phantoms
  20 centaurs
  5 kobold brigands
  14 bullfrogs
  6 scorpions
  A gnoll sergeant (D:10)
  3 troll zombies (D:11)
  Dowan (D:7)
  13 killer bees
  7 howler monkeys
  An electric eel (Lair:2)
  6 starcursed masses (Abyss:3)
  2 orc priests
  9 hounds
  3 jellies
  A gnoll bouda (D:8)
  6 iguanas
  Natasha (twice) (D:3)
  5 orc wizards
  3 ogre zombies (D:11)
  Robin (D:3)
  A mummy (D:8)
  12 gnolls
  7 adders
  A shadow imp (D:6)
  2 white imps
  2 ufetubi
  2 worms
  7 dart slugs
  41 orcs
  12 ball pythons
  7 endoplasms
  5 giant cockroaches
  16 goblins
  5 hobgoblins
  A jackal (D:4)
  7 quokkas
  16 bats
  6 frilled lizards
  A goblin zombie (D:11)
  3 hobgoblin zombies (D:11)
  43 kobolds
  3 orc skeletons (D:11)
  12 orc zombies (D:11)
  10 rats
  A starspawn tentacle (Abyss:2)
637 creatures vanquished.

Vanquished Creatures (others)
  A blink frog (Abyss:2)
  A necrophage (D:6)
  An orc wizard (D:4)
  68 fungi
  82 plants
  5 starspawn tentacles
158 creatures vanquished.

Grand Total: 795 creatures vanquished

Notes
Turn   | Place    | Note
-------+----------+-------------------------------------------
     0 | D:1      | qw the Gargoyle Fighter began the quest for the Orb.
     0 | D:1      | Reached XP level 1. HP: 14/14 MP: 1/1
     0 | D:1      | 0 ||| qw: Version: 0.2-a-10-g399e6c4
     0 | D:1      | 0 ||| qw: Game counter: 174
     0 | D:1      | 0 ||| qw: Always use a shield: true
     0 | D:1      | 0 ||| qw: God list: Okawaru
     0 | D:1      | 0 ||| qw: Allow faded altars: false
     0 | D:1      | 0 ||| qw: Do Orc after D:15 true
     0 | D:1      | 0 ||| qw: Do second Lair branch before Depths: true
     0 | D:1      | 0 ||| qw: Lair rune preference: random
     0 | D:1      | 0 ||| qw: Plans: Normal, Zot:1-4, God:TSO, Crypt, Tomb,
                  | Pan, Slime:5, Hells, Abyss, Orb
     0 | D:1      | 0 ||| PLANNING D:1-11
    67 | D:1      | Reached skill level 2 in Axes
   180 | D:1      | Reached XP level 2. HP: 19/19 MP: 2/2
   484 | D:1      | 484 ||| Stepping ~*~*~tactically~*~*~ (stealth).
   710 | D:1      | Reached skill level 3 in Axes
   729 | D:1      | Reached XP level 3. HP: 23/23 MP: 3/3
   822 | D:1      | Found Koukk's Antique Weapon Shoppe.
   825 | D:1      | 825 ||| SHOPLISTING glowing mace (156 gold, have 86).
   922 | D:1      | 922 ||| UPGRADING to +2 pair of boots.
   927 | D:1      | 927 ||| READING 2 scrolls labelled IFAAM JIEJAQI.
   931 | D:1      | 931 ||| READING scroll labelled JOMNEPH MU EKH.
   952 | D:2      | 952 ||| Stepping ~*~*~tactically~*~*~ (stealth).
   968 | D:2      | 968 ||| Stepping ~*~*~tactically~*~*~ (stealth).
   969 | D:2      | 969 ||| Stepping ~*~*~tactically~*~*~ (stealth).
  1123 | D:2      | Identified the +8 chain mail of Vanity {rN++ Dex-4}
  1418 | D:2      | 1418 ||| Stepping ~*~*~tactically~*~*~ (stealth).
  1430 | D:2      | Reached XP level 4. HP: 28/28 MP: 4/4
  1432 | D:2      | 1432 ||| Stepping ~*~*~tactically~*~*~ (stealth).
  1441 | D:2      | 1441 ||| Stepping ~*~*~tactically~*~*~ (stealth).
  1682 | D:2      | 1682 ||| Stepping ~*~*~tactically~*~*~ (stealth).
  1684 | D:2      | 1684 ||| Stepping ~*~*~tactically~*~*~ (hiding).
  1690 | D:2      | Reached skill level 4 in Axes
  2171 | D:2      | 2171 ||| UPGRADING to +8 chain mail of Vanity {rN++ Dex-4}.
  2181 | D:2      | 2181 ||| DROPPING +0 scale mail.
  2182 | D:2      | 2182 ||| DROPPING amulet of faith.
  2183 | D:2      | 2183 ||| UPGRADING to +4 ring of protection.
  2184 | D:2      | 2184 ||| READING scroll labelled IMIGOB FIEXT.
  2185 | D:2      | 2185 ||| READING scroll labelled BURIOD CAMOS.
  2186 | D:2      | 2186 ||| READING scroll labelled INNASEVUSOC.
  2200 | D:3      | Noticed Natasha
  2208 | D:3      | HP: 2/28 [orc priest/divine providence (13)]
  2209 | D:3      | 2209 ||| READING scroll of teleportation.
  2211 | D:3      | Found a sparkling altar of Nemelex Xobeh.
  2211 | D:3      | Found a hazy altar of Hepliaklqana.
  2332 | D:3      | 2332 ||| Stepping ~*~*~tactically~*~*~ (stealth).
  2345 | D:3      | 2345 ||| Stepping ~*~*~tactically~*~*~ (stealth).
  2346 | D:3      | 2346 ||| Stepping ~*~*~tactically~*~*~ (stealth).
  2352 | D:3      | 2352 ||| Stepping ~*~*~tactically~*~*~ (stealth).
  2367 | D:3      | 2367 ||| Stepping ~*~*~tactically~*~*~ (stealth).
  2482 | D:3      | 2482 ||| Stepping ~*~*~tactically~*~*~ (stealth).
  2491 | D:3      | Reached XP level 5. HP: 12/32 MP: 5/5
  2698 | D:3      | Found a blossoming altar of Fedhas.
  2749 | D:3      | 2749 ||| DROPPING +0 club.
  2884 | D:3      | 2884 ||| FLEEEEING.
  2885 | D:3      | 2885 ||| FLEEEEING.
  2890 | D:3      | 2890 ||| FLEEEEING.
  2891 | D:3      | 2891 ||| FLEEEEING.
  2892 | D:3      | 2892 ||| FLEEEEING.
  2893 | D:3      | 2893 ||| FLEEEEING.
  2894 | D:3      | 2894 ||| FLEEEEING.
  2997 | D:3      | Killed Natasha
  2998 | D:3      | Reached skill level 5 in Axes
  3020 | D:3      | 3020 ||| Stepping ~*~*~tactically~*~*~ (stealth).
  3021 | D:3      | 3021 ||| Stepping ~*~*~tactically~*~*~ (stealth).
  3056 | D:3      | 3056 ||| DROPPING +0 mace.
  3083 | D:3      | Found an iron altar of Okawaru.
  3084 | D:3      | 3084 ||| PLANNING OKAWARU WORSHIP
  3084 | D:3      | 3084 ||| READING scroll labelled ZEORUD YPRASAXT.
  3090 | D:3      | Became a worshipper of Warmaster Okawaru
  3091 | D:3      | 3091 ||| PLANNING D:1-11
  3155 | D:3      | 3155 ||| Stepping ~*~*~tactically~*~*~ (stealth).
  3157 | D:3      | 3157 ||| Stepping ~*~*~tactically~*~*~ (stealth).
  3161 | D:3      | 3161 ||| Stepping ~*~*~tactically~*~*~ (stealth).
  3162 | D:3      | 3162 ||| Stepping ~*~*~tactically~*~*~ (stealth).
  3171 | D:3      | 3171 ||| Stepping ~*~*~tactically~*~*~ (stealth).
  3183 | D:3      | Noticed Robin
  3187 | D:3      | Reached XP level 6. HP: 37/38 MP: 6/6
  3195 | D:3      | Killed Robin
  3247 | D:3      | Identified the +3 chain mail of Hiox {-Tele Regen+ Int+2
                  | Dex+4}
  3254 | D:3      | Noticed Natasha
  3255 | D:3      | 3255 ||| Stepping ~*~*~tactically~*~*~ (hiding).
  3265 | D:3      | Killed Natasha
  3335 | D:3      | 3335 ||| Stepping ~*~*~tactically~*~*~ (hiding).
  3678 | D:3      | 3678 ||| UPGRADING to +0 helmet.
  3683 | D:3      | 3683 ||| DRINKING 2 murky cyan potions.
  3786 | D:4      | Reached skill level 6 in Axes
  3881 | D:4      | Reached XP level 7. HP: 43/43 MP: 7/7
  3901 | D:4      | 3901 ||| Stepping ~*~*~tactically~*~*~ (stealth).
  3920 | D:4      | Reached * piety under Okawaru
  3921 | D:4      | 3921 ||| INVOKING Heroism.
  3924 | D:4      | Reached skill level 7 in Axes
  3943 | D:4      | Reached skill level 1 in Invocations
  4353 | D:4      | Found a shimmering blue altar of Sif Muna.
  4356 | D:4      | 4356 ||| Stepping ~*~*~tactically~*~*~ (cloud).
  4387 | D:4      | 4387 ||| FLEEEEING.
  4388 | D:4      | 4388 ||| FLEEEEING.
  4389 | D:4      | 4389 ||| FLEEEEING.
  4390 | D:4      | 4390 ||| FLEEEEING.
  4391 | D:4      | 4391 ||| FLEEEEING.
  4392 | D:4      | 4392 ||| FLEEEEING.
  4393 | D:4      | 4393 ||| FLEEEEING.
  4394 | D:4      | 4394 ||| FLEEEEING.
  4395 | D:4      | 4395 ||| FLEEEEING.
  4403 | D:4      | 4403 ||| STAIRDANCE
  4461 | D:3      | 4461 ||| READING scroll labelled RYT BADINNAME.
  4742 | D:4      | Reached XP level 8. HP: 48/49 MP: 8/10
  4817 | D:4      | Reached ** piety under Okawaru
  4873 | D:4      | 4873 ||| Stepping ~*~*~tactically~*~*~ (stealth).
  4962 | D:4      | Reached skill level 3 in Invocations
  5117 | D:5      | Entered Level 5 of the Dungeon
  5119 | D:5      | 5119 ||| STAIRDANCE
  5403 | D:5      | Found a burning altar of Makhleb.
  5403 | D:5      | Noticed a cacodemon
  5492 | D:5      | Reached skill level 8 in Axes
  5561 | D:5      | Paralysed by an orc for 4 turns
  5590 | D:5      | Noticed Grinder
  5591 | D:5      | 5591 ||| Stepping ~*~*~tactically~*~*~ (hiding).
  5594 | D:5      | 5594 ||| INVOKING Heroism.
  5600 | D:5      | Killed Grinder
  5683 | D:5      | 5683 ||| READING scroll labelled DACOQI RURUCS.
  5684 | D:5      | 5684 ||| READING scroll labelled EZU SEMNIABEXZIO.
  5685 | D:5      | 5685 ||| DRINKING 2 golden potions.
  5686 | D:5      | 5686 ||| DRINKING 2 puce potions.
  5687 | D:5      | 5687 ||| READING 3 scrolls of identify.
  5687 | D:5      | 5687 ||| IDENTIFYING bubbling cyan potion
  5688 | D:5      | 5688 ||| READING 2 scrolls of identify.
  5688 | D:5      | 5688 ||| IDENTIFYING glowing golden potion
  5689 | D:5      | 5689 ||| DROPPING potion of degeneration.
  5704 | D:6      | 5704 ||| INVOKING Heroism.
  5707 | D:6      | 5707 ||| STAIRDANCE
  5722 | D:6      | 5722 ||| STAIRDANCE
  5756 | D:6      | Found a hide-covered altar of Uskayaw.
  5757 | D:6      | 5757 ||| Stepping ~*~*~tactically~*~*~ (stealth).
  5761 | D:6      | 5761 ||| INVOKING Heroism.
  5846 | D:6      | 5846 ||| INVOKING Heroism.
  5850 | D:6      | Reached XP level 9. HP: 54/54 MP: 9/12
  5960 | D:6      | Found a staircase to the Ecumenical Temple.
  6015 | D:6      | 6015 ||| INVOKING Heroism.
  6028 | D:6      | Reached skill level 6 in Fighting
  6157 | D:6      | Reached *** piety under Okawaru
  6283 | D:6      | 6283 ||| INVOKING Heroism.
  6330 | D:6      | 6330 ||| INVOKING Heroism.
  6340 | D:6      | Reached skill level 9 in Axes
  6545 | D:6      | Noticed a cyclops
  6546 | D:6      | 6546 ||| INVOKING Heroism.
  6551 | D:6      | Killed a cyclops
  6569 | D:6      | 6569 ||| INVOKING Heroism.
  6570 | D:6      | HP: 14/57 [steam dragon] (4)]
  6571 | D:6      | 6571 ||| READING 4 scrolls of teleportation.
  6831 | D:6      | 6831 ||| Stepping ~*~*~tactically~*~*~ (hiding).
  6832 | D:6      | 6832 ||| Stepping ~*~*~tactically~*~*~ (hiding).
  6833 | D:6      | 6833 ||| INVOKING Heroism.
  6838 | D:6      | 6838 ||| Stepping ~*~*~tactically~*~*~ (cloud).
  6841 | D:6      | 6841 ||| Stepping ~*~*~tactically~*~*~ (cloud).
  6904 | D:6      | 6904 ||| UPGRADING to +6 ring of strength.
  6905 | D:6      | 6905 ||| READING scroll labelled MUKIER APOMAE.
  6906 | D:6      | 6906 ||| READING scroll labelled NICEVOH RURAIPT.
  6907 | D:6      | 6907 ||| DRINKING 2 bubbling amethyst potions.
  6907 | D:6      | Gained mutation: You have hidden genetic potential. [potion
                  | of mutation]
  6907 | D:6      | Gained mutation: You have a somewhat thin skeletal
                  | structure. (Dex +2, Stealth+) [potion of mutation]
  6908 | D:6      | 6908 ||| READING 3 scrolls of identify.
  6908 | D:6      | 6908 ||| IDENTIFYING sapphire potion
  6909 | D:6      | 6909 ||| READING 2 scrolls of identify.
  6909 | D:6      | 6909 ||| IDENTIFYING murky grey potion
  6930 | D:7      | 6930 ||| STAIRDANCE
  6945 | D:7      | 6945 ||| STAIRDANCE
  6953 | D:7      | 6953 ||| STAIRDANCE
  6960 | D:7      | 6960 ||| STAIRDANCE
  7009 | D:7      | 7009 ||| INVOKING Heroism.
  7065 | D:7      | 7065 ||| INVOKING Heroism.
  7070 | D:7      | Reached skill level 1 in Dodging
  7145 | D:7      | Reached XP level 10. HP: 63/63 MP: 13/13
  7170 | D:7      | Noticed Duvessa
  7170 | D:7      | Noticed Dowan
  7171 | D:7      | 7171 ||| INVOKING Heroism.
  7177 | D:7      | Killed Duvessa
  7183 | D:7      | Killed Dowan
  7263 | D:7      | Found a basalt altar of Yredelemnul.
  7281 | D:7      | 7281 ||| INVOKING Heroism.
  7426 | D:7      | 7426 ||| Stepping ~*~*~tactically~*~*~ (stealth).
  7430 | D:7      | 7430 ||| Stepping ~*~*~tactically~*~*~ (stealth).
  7433 | D:7      | 7433 ||| INVOKING Heroism.
  7437 | D:7      | Reached skill level 10 in Axes
  7455 | D:7      | 7455 ||| Stepping ~*~*~tactically~*~*~ (stealth).
  7737 | D:7      | Found Yffykh's Tremendous Tomes.
  8035 | D:7      | 8035 ||| UPGRADING to +0 cloak.
  8040 | D:7      | 8040 ||| READING 3 scrolls of identify.
  8040 | D:7      | 8040 ||| IDENTIFYING fuming black potion
  8041 | D:7      | 8041 ||| READING 2 scrolls of identify.
  8041 | D:7      | 8041 ||| IDENTIFYING pink potion
  8042 | D:7      | 8042 ||| DROPPING potion of ambrosia.
  8043 | D:7      | 8043 ||| DROPPING potion of brilliance.
  8083 | D:8      | 8083 ||| INVOKING Heroism.
  8099 | D:8      | Reached skill level 6 in Armour
  8112 | D:8      | Reached **** piety under Okawaru
  8117 | D:8      | 8117 ||| Stepping ~*~*~tactically~*~*~ (stealth).
  8124 | D:8      | 8124 ||| Stepping ~*~*~tactically~*~*~ (stealth).
  8133 | D:8      | Gained mutation: Your natural rate of healing is unusually
                  | fast. [hidden potential]
  8168 | D:8      | Found a transporter.
  8168 | D:8      | Found a transporter.
  8170 | D:8      | Found a transporter.
  8170 | D:8      | Found a transporter.
  8305 | D:8      | 8305 ||| Stepping ~*~*~tactically~*~*~ (hiding).
  8477 | D:8      | Found a bloodstained altar of Trog.
  8538 | D:8      | 8538 ||| Stepping ~*~*~tactically~*~*~ (stealth).
  8551 | D:8      | 8551 ||| INVOKING Heroism.
  8566 | D:8      | 8566 ||| Stepping ~*~*~tactically~*~*~ (stealth).
  8577 | D:8      | 8577 ||| Stepping ~*~*~tactically~*~*~ (stealth).
  8579 | D:8      | 8579 ||| INVOKING Heroism.
  8591 | D:8      | Reached skill level 6 in Invocations
  8598 | D:8      | Found a staircase to the Lair.
  8624 | D:8      | 8624 ||| Stepping ~*~*~tactically~*~*~ (stealth).
  8627 | D:8      | 8627 ||| Stepping ~*~*~tactically~*~*~ (stealth).
  8629 | D:8      | 8629 ||| INVOKING Heroism.
  8736 | D:8      | 8736 ||| INVOKING Heroism.
  8886 | D:8      | 8886 ||| Stepping ~*~*~tactically~*~*~ (stealth).
  8888 | D:8      | 8888 ||| Stepping ~*~*~tactically~*~*~ (stealth).
  8925 | D:8      | Found a sacrificial altar of Ru.
  8960 | D:8      | Reached ***** piety under Okawaru
  8961 | D:8      | Reached XP level 11. HP: 51/68 MP: 14/16
  9116 | D:8      | Found a snail-covered altar of Cheibriados.
  9153 | D:8      | 9153 ||| PLANNING LAIR
  9153 | D:8      | 9153 ||| UPGRADING to +0 kite shield.
  9163 | D:8      | 9163 ||| DROPPING +0 buckler.
  9164 | D:8      | 9164 ||| DROPPING +6 ring of intelligence.
  9165 | D:8      | 9165 ||| READING 3 scrolls labelled JYXIELUO PITIU.
  9176 | D:8      | 9176 ||| DROPPING 2 scrolls of torment.
  9265 | Lair:1   | Entered Level 1 of the Lair of Beasts
  9266 | Lair:1   | 9266 ||| INVOKING Heroism.
  9319 | Lair:1   | Noticed Fannar
  9327 | Lair:1   | 9327 ||| INVOKING Heroism.
  9352 | Lair:1   | 9352 ||| Stepping ~*~*~tactically~*~*~ (hiding).
  9356 | Lair:1   | Killed Fannar
  9356 | Lair:1   | Received a gift from Okawaru
  9357 | Lair:1   | Reached skill level 6 in Shields
  9429 | Lair:1   | 9429 ||| INVOKING Heroism.
  9471 | Lair:1   | Gained mutation: You have a pair of small antennae on your
                  | head. [hidden potential]
  9471 | Lair:1   | Lost mutation: You have hidden genetic potential. [hidden
                  | potential expressed]
  9508 | Lair:1   | 9508 ||| Stepping ~*~*~tactically~*~*~ (stealth).
  9511 | Lair:1   | 9511 ||| INVOKING Heroism.
  9542 | Lair:1   | 9542 ||| Stepping ~*~*~tactically~*~*~ (stealth).
  9569 | Lair:1   | 9569 ||| INVOKING Heroism.
  9572 | Lair:1   | 9572 ||| Stepping ~*~*~tactically~*~*~ (stealth).
  9595 | Lair:1   | Noticed Harold
  9596 | Lair:1   | 9596 ||| Stepping ~*~*~tactically~*~*~ (hiding).
  9600 | Lair:1   | 9600 ||| INVOKING Heroism.
  9621 | Lair:1   | Killed Harold
  9628 | Lair:1   | Reached skill level 9 in Invocations
  9650 | Lair:1   | 9650 ||| INVOKING Heroism.
  9791 | Lair:1   | 9791 ||| INVOKING Heroism.
  9815 | Lair:1   | Received a gift from Okawaru
  9816 | Lair:1   | Reached skill level 3 in Throwing
  9834 | Lair:1   | 9834 ||| SWAPPING to +0 broad axe of electrocution.
  9835 | Lair:1   | 9835 ||| DROPPING +0 war axe.
  9907 | Lair:1   | 9907 ||| INVOKING Heroism.
  9970 | Lair:1   | Identified the +1 scale mail of Imyd Maylo {Str-3 Dex+4}
  9975 | Lair:1   | Noticed a boulder beetle
  9976 | Lair:1   | 9976 ||| INVOKING Heroism.
  9977 | Lair:1   | 9977 ||| INVOKING Finesse.
  9985 | Lair:1   | Killed a boulder beetle
 10092 | Lair:1   | Reached skill level 9 in Shields
 10390 | Lair:1   | 10390 ||| DROPPING +0 helmet.
 10391 | Lair:1   | 10391 ||| DROPPING +1 pair of boots.
 10392 | Lair:1   | 10392 ||| DROPPING amulet of magic regeneration.
 10393 | Lair:1   | 10393 ||| DROPPING ring of positive energy.
 10402 | Lair:2   | 10402 ||| INVOKING Heroism.
 10410 | Lair:2   | Reached XP level 12. HP: 60/73 MP: 17/19
 10438 | Lair:2   | 10438 ||| INVOKING Heroism.
 10441 | Lair:2   | Reached skill level 11 in Axes
 10550 | Lair:2   | 10550 ||| INVOKING Heroism.
 10600 | Lair:2   | Received a gift from Okawaru
 10786 | Lair:2   | 10786 ||| Stepping ~*~*~tactically~*~*~ (stealth).
 10794 | Lair:2   | 10794 ||| INVOKING Heroism.
 10894 | Lair:2   | 10894 ||| Stepping ~*~*~tactically~*~*~ (stealth).
 10895 | Lair:2   | 10895 ||| Stepping ~*~*~tactically~*~*~ (stealth).
 10899 | Lair:2   | 10899 ||| INVOKING Heroism.
 10903 | Lair:2   | 10903 ||| Stepping ~*~*~tactically~*~*~ (stealth).
 10907 | Lair:2   | Received a gift from Okawaru
 10907 | Lair:2   | Found the +3 pair of seven-league boots {Rampage+∞}
 10918 | Lair:2   | Reached skill level 9 in Fighting
 10925 | Lair:2   | 10925 ||| INVOKING Heroism.
 11292 | Lair:2   | 11292 ||| UPGRADING to +3 pair of seven-league boots
                  | {Rampage+∞}.
 11302 | Lair:2   | 11302 ||| DROPPING +2 pair of boots.
 11303 | Lair:2   | 11303 ||| UPGRADING to +0 pair of gloves.
 11308 | Lair:2   | 11308 ||| READING 4 scrolls of identify.
 11308 | Lair:2   | 11308 ||| IDENTIFYING emerald potion
 11338 | Lair:3   | Noticed a four-headed hydra
 11339 | Lair:3   | 11339 ||| INVOKING Heroism.
 11340 | Lair:3   | 11340 ||| INVOKING Finesse.
 11342 | Lair:3   | 11342 ||| SWAPPING to +0 morningstar.
 11346 | Lair:3   | 11346 ||| Stepping ~*~*~tactically~*~*~ (outnumbered).
 11347 | Lair:3   | 11347 ||| Stepping ~*~*~tactically~*~*~ (outnumbered).
 11366 | Lair:3   | Killed a four-headed hydra
 11367 | Lair:3   | 11367 ||| SWAPPING to +0 broad axe of electrocution.
 11419 | Lair:3   | 11419 ||| INVOKING Heroism.
 11421 | Lair:3   | 11421 ||| Stepping ~*~*~tactically~*~*~ (hiding).
 11448 | Lair:3   | 11448 ||| Stepping ~*~*~tactically~*~*~ (hiding).
 11460 | Lair:3   | Reached skill level 12 in Axes
 11500 | Lair:3   | 11500 ||| Stepping ~*~*~tactically~*~*~ (stealth).
 11500 | Lair:3   | Found a hole to the Spider Nest.
 11501 | Lair:3   | 11501 ||| INVOKING Heroism.
 11503 | Lair:3   | 11503 ||| Stepping ~*~*~tactically~*~*~ (stealth).
 11536 | Lair:3   | Identified the ring "Nuaclaa" {Fire rPois Str+3 Int+4}
 11564 | Lair:3   | 11564 ||| Stepping ~*~*~tactically~*~*~ (stealth).
 11570 | Lair:3   | 11570 ||| Stepping ~*~*~tactically~*~*~ (stealth).
 11620 | Lair:3   | 11620 ||| INVOKING Heroism.
 11628 | Lair:3   | Reached XP level 13. HP: 80/81 MP: 18/20
 11719 | Lair:3   | Noticed Amaemon
 11720 | Lair:3   | 11720 ||| Stepping ~*~*~tactically~*~*~ (hiding).
 11722 | Lair:3   | 11722 ||| INVOKING Heroism.
 11736 | Lair:3   | Killed Amaemon
 11742 | Lair:3   | 11742 ||| DROPPING +0 morningstar.
 11777 | Lair:3   | 11777 ||| INVOKING Heroism.
 11961 | Lair:3   | 11961 ||| Stepping ~*~*~tactically~*~*~ (stealth).
 11962 | Lair:3   | 11962 ||| INVOKING Heroism.
 11963 | Lair:3   | 11963 ||| Stepping ~*~*~tactically~*~*~ (stealth).
 11984 | Lair:3   | Found a staircase to the Shoals.
 12124 | Lair:3   | 12124 ||| READING scroll labelled PETZUGU NEOJ.
 12288 | Lair:4   | Received a gift from Okawaru
 12331 | Lair:4   | 12331 ||| INVOKING Heroism.
 12342 | Lair:4   | Received a gift from Okawaru
 12367 | Lair:4   | 12367 ||| INVOKING Heroism.
 12706 | Lair:4   | 12706 ||| INVOKING Heroism.
 13031 | Lair:4   | 13031 ||| READING scroll labelled WALIGH LELITOX.
 13032 | Lair:4   | 13032 ||| READING 8 scrolls of identify.
 13032 | Lair:4   | 13032 ||| IDENTIFYING fuming green potion
 13033 | Lair:4   | 13033 ||| READING 7 scrolls of identify.
 13033 | Lair:4   | 13033 ||| IDENTIFYING viscous cyan potion
 13034 | Lair:4   | 13034 ||| DROPPING potion of invisibility.
 13072 | Lair:5   | Entered Level 5 of the Lair of Beasts
 13076 | Lair:5   | Received a gift from Okawaru
 13195 | Lair:5   | 13195 ||| INVOKING Heroism.
 13247 | Lair:5   | Noticed Josephine
 13250 | Lair:5   | 13250 ||| INVOKING Heroism.
 13258 | Lair:5   | Killed Josephine
 13259 | Lair:5   | Reached skill level 13 in Axes
 13511 | Lair:5   | Found a viscous altar of Jiyva.
 13512 | Lair:5   | 13512 ||| Stepping ~*~*~tactically~*~*~ (stealth).
 13513 | Lair:5   | Found a staircase to the Slime Pits.
 13514 | Lair:5   | 13514 ||| INVOKING Heroism.
 13515 | Lair:5   | 13515 ||| Stepping ~*~*~tactically~*~*~ (stealth).
 13522 | Lair:5   | Received a gift from Okawaru
 13552 | Lair:5   | 13552 ||| INVOKING Finesse.
 13615 | Lair:5   | 13615 ||| INVOKING Heroism.
 13702 | Lair:5   | 13702 ||| Stepping ~*~*~tactically~*~*~ (hiding).
 13705 | Lair:5   | 13705 ||| INVOKING Heroism.
 13706 | Lair:5   | 13706 ||| INVOKING Finesse.
 13724 | Lair:5   | Received a gift from Okawaru
 13725 | Lair:5   | Reached skill level 14 in Axes
 13745 | Lair:5   | 13745 ||| Stepping ~*~*~tactically~*~*~ (stealth).
 13765 | Lair:5   | 13765 ||| INVOKING Heroism.
 13767 | Lair:5   | 13767 ||| Stepping ~*~*~tactically~*~*~ (stealth).
 13773 | Lair:5   | 13773 ||| INVOKING Finesse.
 13816 | Lair:5   | 13816 ||| INVOKING Heroism.
 13821 | Lair:5   | 13821 ||| SWAPPING to +1 demon whip of venom.
 13825 | Lair:5   | 13825 ||| SWAPPING to +1 vorpal broad axe.
 13829 | Lair:5   | 13829 ||| INVOKING Finesse.
 13890 | Lair:5   | Identified the ring of Zenoedeq {rPois Stlth+}
 14246 | Lair:5   | 14246 ||| PLANNING D:1-11
 14246 | Lair:5   | 14246 ||| UPGRADING to +2 hat.
 14251 | Lair:5   | 14251 ||| DROPPING ring of Zenoedeq {rPois Stlth+}.
 14252 | Lair:5   | 14252 ||| READING 2 scrolls labelled PUMOAWE YPTAWK.
 14253 | Lair:5   | 14253 ||| READING scroll of enchant armour.
 14253 | Lair:5   | 14253 ||| ENCHANTING +0 pair of gloves.
 14254 | Lair:5   | 14254 ||| READING 7 scrolls of identify.
 14254 | Lair:5   | 14254 ||| IDENTIFYING coppery potion
 14255 | Lair:5   | 14255 ||| DROPPING potion of flight.
 14392 | D:9      | 14392 ||| STAIRDANCE
 14397 | D:9      | 14397 ||| STAIRDANCE
 14402 | D:8      | Gained mutation: Your large and strong wings let you fly.
                  | [Gargoyle growth]
 14402 | D:8      | Reached XP level 14. HP: 90/90 MP: 21/21
 14404 | D:9      | 14404 ||| STAIRDANCE
 14420 | D:9      | 14420 ||| STAIRDANCE
 14433 | D:9      | 14433 ||| STAIRDANCE
 14439 | D:9      | 14439 ||| STAIRDANCE
 14446 | D:9      | 14446 ||| STAIRDANCE
 14451 | D:9      | 14451 ||| STAIRDANCE
 14467 | D:9      | 14467 ||| STAIRDANCE
 14474 | D:9      | 14474 ||| STAIRDANCE
 14484 | D:9      | 14484 ||| STAIRDANCE
 14497 | D:9      | 14497 ||| STAIRDANCE
 14506 | D:9      | 14506 ||| STAIRDANCE
 14514 | D:9      | 14514 ||| STAIRDANCE
 14521 | D:9      | 14521 ||| STAIRDANCE
 14526 | D:9      | 14526 ||| STAIRDANCE
 14545 | D:9      | Noticed Erolcha
 14546 | D:9      | 14546 ||| INVOKING Heroism.
 14547 | D:9      | 14547 ||| INVOKING Finesse.
 14551 | Abyss:2  | Cast into level 2 of the Abyss (Erolcha)
 14576 | Abyss:2  | 14576 ||| Stepping ~*~*~tactically~*~*~ (stealth).
 14579 | Abyss:2  | 14579 ||| Stepping ~*~*~tactically~*~*~ (stealth).
 14586 | Abyss:2  | 14586 ||| Stepping ~*~*~tactically~*~*~ (stealth).
 14587 | Abyss:2  | 14587 ||| Stepping ~*~*~tactically~*~*~ (stealth).
 14592 | Abyss:2  | 14592 ||| Stepping ~*~*~tactically~*~*~ (hiding).
 14600 | Abyss:2  | 14600 ||| INVOKING Heroism.
 14622 | Abyss:2  | 14622 ||| Stepping ~*~*~tactically~*~*~ (stealth).
 14648 | Abyss:2  | Noticed a white draconian
 14656 | Abyss:2  | Killed a white draconian
 14656 | Abyss:2  | Received a gift from Okawaru
 14662 | Abyss:2  | Reached skill level 9 in Armour
 14662 | Abyss:2  | 14662 ||| Stepping ~*~*~tactically~*~*~ (hiding).
 14669 | Abyss:2  | 14669 ||| INVOKING Heroism.
 14673 | Abyss:2  | Gained mutation: You occasionally shout uncontrollably at
                  | your foes. [a neqoxec]
 14684 | Abyss:2  | Noticed a tentacled starspawn
 14700 | Abyss:2  | Reached skill level 12 in Shields
 14741 | Abyss:2  | 14741 ||| Stepping ~*~*~tactically~*~*~ (stealth).
 14743 | Abyss:2  | 14743 ||| Stepping ~*~*~tactically~*~*~ (stealth).
 14745 | Abyss:2  | 14745 ||| Stepping ~*~*~tactically~*~*~ (stealth).
 14760 | Abyss:2  | 14760 ||| INVOKING Heroism.
 14762 | Abyss:2  | 14762 ||| DRINKING 3 potions of curing.
 14762 | Abyss:2  | 14762 ||| (to cure confusion)
 14764 | Abyss:2  | 14764 ||| Stepping ~*~*~tactically~*~*~ (hiding).
 14772 | Abyss:2  | Noticed a green draconian monk
 14773 | Abyss:2  | 14773 ||| Stepping ~*~*~tactically~*~*~ (stealth).
 14777 | Abyss:2  | 14777 ||| Stepping ~*~*~tactically~*~*~ (stealth).
 14780 | Abyss:2  | 14780 ||| Stepping ~*~*~tactically~*~*~ (stealth).
 14781 | Abyss:2  | 14781 ||| Stepping ~*~*~tactically~*~*~ (stealth).
 14783 | Abyss:2  | 14783 ||| Stepping ~*~*~tactically~*~*~ (hiding).
 14784 | Abyss:2  | 14784 ||| Stepping ~*~*~tactically~*~*~ (stealth).
 14786 | Abyss:2  | 14786 ||| Stepping ~*~*~tactically~*~*~ (hiding).
 14799 | Abyss:2  | 14799 ||| INVOKING Heroism.
 14815 | Abyss:2  | Killed a green draconian monk
 14828 | Abyss:2  | 14828 ||| Stepping ~*~*~tactically~*~*~ (stealth).
 14838 | Abyss:2  | Noticed a tentacled starspawn
 14839 | Abyss:2  | 14839 ||| Stepping ~*~*~tactically~*~*~ (stealth).
 14840 | Abyss:2  | 14840 ||| Stepping ~*~*~tactically~*~*~ (hiding).
 14841 | Abyss:2  | 14841 ||| INVOKING Finesse.
 14851 | Abyss:2  | 14851 ||| INVOKING Heroism.
 14855 | Abyss:2  | Killed a tentacled starspawn
 14856 | Abyss:2  | HP: 21/90 [blink frog (4)]
 14857 | Abyss:2  | 14857 ||| READING 6 scrolls of teleportation.
 14858 | Abyss:2  | 14858 ||| DRINKING potion of heal wounds.
 14862 | D:9      | Escaped the Abyss
 14992 | D:9      | 14992 ||| Stepping ~*~*~tactically~*~*~ (stealth).
 14995 | D:9      | 14995 ||| Stepping ~*~*~tactically~*~*~ (stealth).
 14997 | D:9      | 14997 ||| Stepping ~*~*~tactically~*~*~ (stealth).
 15005 | D:9      | 15005 ||| Stepping ~*~*~tactically~*~*~ (stealth).
 15020 | D:9      | 15020 ||| Stepping ~*~*~tactically~*~*~ (hiding).
 15022 | D:9      | 15022 ||| Stepping ~*~*~tactically~*~*~ (hiding).
 15286 | D:9      | 15286 ||| Stepping ~*~*~tactically~*~*~ (hiding).
 15287 | D:9      | 15287 ||| Stepping ~*~*~tactically~*~*~ (hiding).
 15291 | D:9      | 15291 ||| INVOKING Heroism.
 15292 | D:9      | 15292 ||| INVOKING Finesse.
 15298 | D:9      | Killed Erolcha
 15299 | D:9      | Reached skill level 15 in Axes
 15348 | D:9      | Found a shadowy altar of Dithmenos.
 15800 | D:10     | Entered Level 10 of the Dungeon
 15818 | D:10     | 15818 ||| INVOKING Heroism.
 15918 | D:10     | 15918 ||| Stepping ~*~*~tactically~*~*~ (stealth).
 16043 | D:10     | 16043 ||| INVOKING Heroism.
 16053 | D:10     | Received a gift from Okawaru
 16254 | D:10     | 16254 ||| INVOKING Heroism.
 16316 | D:10     | 16316 ||| Stepping ~*~*~tactically~*~*~ (hiding).
 16603 | D:11     | 16603 ||| Stepping ~*~*~tactically~*~*~ (stealth).
 16606 | D:11     | 16606 ||| Stepping ~*~*~tactically~*~*~ (stealth).
 16608 | D:11     | 16608 ||| Stepping ~*~*~tactically~*~*~ (stealth).
 16786 | D:11     | Found a staircase to the Orcish Mines.
 16797 | D:11     | 16797 ||| Stepping ~*~*~tactically~*~*~ (stealth).
 16858 | D:11     | 16858 ||| Stepping ~*~*~tactically~*~*~ (stealth).
 16861 | D:11     | 16861 ||| Stepping ~*~*~tactically~*~*~ (stealth).
 16939 | D:11     | 16939 ||| INVOKING Heroism.
 16940 | D:11     | 16940 ||| INVOKING Finesse.
 16952 | D:11     | Received a gift from Okawaru
 16953 | D:11     | Reached skill level 12 in Fighting
 17104 | D:11     | 17104 ||| Stepping ~*~*~tactically~*~*~ (hiding).
 17105 | D:11     | 17105 ||| Stepping ~*~*~tactically~*~*~ (hiding).
 17341 | D:11     | 17341 ||| Stepping ~*~*~tactically~*~*~ (hiding).
 17342 | D:11     | 17342 ||| Stepping ~*~*~tactically~*~*~ (hiding).
 17343 | D:11     | 17343 ||| Stepping ~*~*~tactically~*~*~ (hiding).
 17553 | D:11     | 17553 ||| PLANNING D
 17553 | D:11     | 17553 ||| UPGRADING to +4 plate armour of cold resistance.
 17563 | D:11     | 17563 ||| DROPPING +8 chain mail of Vanity {rN++ Dex-4}.
 17564 | D:11     | 17564 ||| DROPPING +3 chain mail of Hiox {-Tele Regen+
                  | Int+2 Dex+4}.
 17565 | D:11     | 17565 ||| READING scroll labelled NESORIDOKK.
 17763 | D:12     | 17763 ||| FLEEEEING.
 17764 | D:12     | 17764 ||| FLEEEEING.
 17769 | D:12     | 17769 ||| FLEEEEING.
 17770 | D:12     | 17770 ||| FLEEEEING.
 17835 | D:12     | 17835 ||| INVOKING Heroism.
 17899 | D:12     | 17899 ||| INVOKING Heroism.
 17906 | D:12     | Reached skill level 3 in Dodging
 18080 | D:13     | 18080 ||| STAIRDANCE
 18184 | D:13     | 18184 ||| STAIRDANCE
 18186 | D:12     | 18186 ||| INVOKING Heroism.
 18204 | D:13     | 18204 ||| STAIRDANCE
 18213 | D:13     | 18213 ||| STAIRDANCE
 18229 | D:13     | 18229 ||| STAIRDANCE
 18236 | D:13     | 18236 ||| INVOKING Heroism.
 18246 | D:13     | Reached XP level 15. HP: 70/96 MP: 20/22
 18251 | D:13     | Reached skill level 6 in Throwing
 18281 | D:13     | 18281 ||| INVOKING Heroism.
 18317 | D:13     | Identified the +0 ring mail "Mifinga" {*Corrode Dex+4
                  | Stlth+}
 18404 | D:13     | You are sucked into a shaft and drop 2 floors!
 18404 | D:15     | Entered Level 15 of the Dungeon
 18436 | D:15     | 18436 ||| INVOKING Heroism.
 18505 | D:15     | 18505 ||| INVOKING Heroism.
 18506 | D:15     | 18506 ||| Stepping ~*~*~tactically~*~*~ (stealth).
 18510 | D:15     | 18510 ||| Stepping ~*~*~tactically~*~*~ (stealth).
 18517 | D:15     | 18517 ||| Stepping ~*~*~tactically~*~*~ (stealth).
 18535 | D:15     | Paralysed by a floating eye for 4 turns
 18556 | D:15     | 18556 ||| INVOKING Heroism.
 18614 | D:15     | Found Xixt's Antique Armour Emporium.
 18651 | D:15     | 18651 ||| INVOKING Heroism.
 18758 | D:15     | Noticed Azrael
 18759 | D:15     | 18759 ||| Stepping ~*~*~tactically~*~*~ (hiding).
 18762 | D:15     | 18762 ||| INVOKING Heroism.
 18768 | D:15     | 18768 ||| INVOKING Finesse.
 18775 | D:15     | Received a gift from Okawaru
 18782 | D:15     | Killed Azrael
 18783 | D:15     | Reached skill level 16 in Axes
 18824 | Abyss:3  | Cast into level 3 of the Abyss (a wizard)
 18896 | Abyss:3  | 18896 ||| Stepping ~*~*~tactically~*~*~ (stealth).
 18899 | Abyss:3  | 18899 ||| DRINKING 5 potions of curing.
 18899 | Abyss:3  | 18899 ||| (to cure confusion)
 18906 | Abyss:3  | 18906 ||| Stepping ~*~*~tactically~*~*~ (stealth).
 18922 | Abyss:3  | 18922 ||| Stepping ~*~*~tactically~*~*~ (stealth).
 18925 | Abyss:3  | 18925 ||| Stepping ~*~*~tactically~*~*~ (stealth).
 18933 | Abyss:3  | 18933 ||| Stepping randomly (disturbance).
 18939 | Abyss:3  | 18939 ||| Stepping ~*~*~tactically~*~*~ (stealth).
 18957 | Abyss:3  | Received a gift from Okawaru
 18975 | Abyss:3  | Noticed a tentacled starspawn
 18976 | Abyss:3  | 18976 ||| Stepping ~*~*~tactically~*~*~ (hiding).
 18982 | Abyss:3  | 18982 ||| INVOKING Heroism.
 18983 | Abyss:3  | Killed a tentacled starspawn
 18983 | Abyss:3  | Identified the +0 plate armour of Ybbonurph {rPois rF+ rC-}
                  | (Okawaru gifted it to you on level 3 of the Abyss)
 18983 | Abyss:3  | Received a gift from Okawaru
 18986 | Abyss:3  | Noticed a thorn hunter
 18987 | Abyss:3  | 18987 ||| INVOKING Finesse.
 18990 | Abyss:3  | Paralysed by accursed screaming for 1 turns
 18997 | Abyss:3  | Noticed a deep elf sorcerer
 19005 | Abyss:3  | HP: 24/96 [thorn hunter/volley of thorns (29)]
 19006 | Abyss:3  | 19006 ||| READING 7 scrolls of teleportation.
 19008 | Abyss:3  | Killed a thorn hunter
 19009 | Abyss:3  | Killed from afar by a deep elf sorcerer

Levels and vault maps discovered:
D:1:      scummos_arrival_gate, layout_loops_cross, serial_shops,
          nicolae_shop_behind_doors, minmay_misc_feat_doors
D:2:      layout_basic, minmay_small_reverse_x
D:3:      kb_forest_paths, layout_basic, mainiacjoe_overflow_six_doors_small,
          nicolae_overflow_squiral, overflow_temple_1_default, uniq_natasha,
          uniq_robin
D:4:      minmay_polygon_palace, layout_basic, tgw_sif
D:5:      layout_basic, makhleb_altar_promises_db, st_stairs_9, uniq_grinder
D:6:      cheibrodos_barr_body, layout_rooms, nicolae_uskayaw_dance_studio,
          temple_doors_e, minivault_22
D:7:      layout_cave_pods, yredelemnul_altar_generic,
          nicolae_shop_i_like_big_books, uniq_duvessa
D:8:      layout_basic, nicolae_ru_awakened_eye, mainiacjoe_overflow_alcove_1,
          chei_slow_surprise, due_lair_maze_entry_diamond, nrook_mini_backslash,
          grunt_decor_resistance, nicolae_diode_quadrants
D:9:      layout_loops_ring, nicolae_dithmenos_the_darkroom, uniq_erolcha
D:10:     layout_roguey, serial_curves, eino_curves_01, eino_curves_04
D:11:     layout_long_grid, zombieorc1_lemuel
D:12:     layout_roguey
D:13:     layout_rooms, portal_ice_cave_entry_imps
D:15:     hangedman_spin_cycle
Lair:1:   beast_lair_carwin_large_4, layout_hall_layers, minmay_holes,
          patterned_corridor, uniq_fannar, uniq_harold
Lair:2:   layout_chaotic_city, serial_bayou_shore_a
Lair:3:   layout_roguey, shoals_dummy_entry, spider_nest_entry_a,
          roderic_batcave, st_stairs_4, lemuel_fruit_tree, grunt_megastairs_3,
          uniq_amaemon, uniq_kirke
Lair:4:   layout_cellular_growth
Lair:5:   grunt_lair_end_beastmaster, layout_concentric_octagons,
          minmay_slime_entry_oklob_open, small_statue_intersection,
          uniq_josephine
Abyss:3:  base: D:13, base: Lair:3, evilmike_abyss_exit_6,
          hangedman_abyss_or_decor_lesser_grid, bh_abyss_negative,
          evilmike_abyss_exit_6, evilmike_abyss_exit_6,
          nicolae_abyss_rune_left_handed

Skill      XL: |  1  2  3  4  5  6  7  8  9 10 11 12 13 14 15 |
---------------+----------------------------------------------+-----
Axes           | 2 3 4 5 6 7 8 9 10 12 14 15 16 | 16.0
Fighting       | 4 5 7 8 9 11 12 | 12.0
Invocations    | 2 4 6 10 | 10.0
Throwing       | 2 3 4 5 6 |  6.0
Armour         | 4 5 6 7 8 10 11 | 11.0
Shields        | 4 5 9 10 11 12 | 12.8
Dodging        | 1 2 3 |  3.0

Action                   |  1- 3 |  4- 6 |  7- 9 | 10-12 | 13-15 || total
-------------------------+-------+-------+-------+-------+-------++-------
Melee: War axe           |   113 |   242 |   355 |   406 |       ||  1116
       Broad axe         |       |       |       |   171 |   915 ||  1086
       Morningstar       |       |       |       |    22 |       ||    22
       Demon whip        |       |       |       |       |     1 ||     1
Throw: Boomerang         |       |    27 |     7 |       |    87 ||   121
       Javelin           |       |       |    23 |    45 |    90 ||   158
Invok: Heroism           |       |       |    13 |    28 |    35 ||    76
       Finesse           |       |       |       |     2 |    10 ||    12
  Use: Scroll            |     2 |     5 |    10 |     4 |    10 ||    31
       Potion            |       |     1 |     3 |       |     3 ||     7
Armor: Scale mail        |    53 |    26 |       |       |       ||    79
       Chain mail        |       |   153 |   259 |   383 |   365 ||  1160
       Plate armour      |       |       |       |       |   198 ||   198
Dodge: Dodged            |    51 |   117 |   122 |   193 |   274 ||   757
Block: Buckler           |    19 |    49 |    55 |    47 |       ||   170
       Kite shield       |       |       |       |   211 |   521 ||   732

Table legend:
 A = Non-vault XP
 B = Vault XP
 C = Vault XP percentage of total XP
 D = Non-vault monster count
 E = Vault monster count
 F = Vault count percentage of total count
                 A         B        C        D         E       F
            +---------+---------+-------+---------+---------+-------
      Total |   74015 |   40266 |  35.2 |     456 |     181 |  28.4
            +---------+---------+-------+---------+---------+-------
        D:1 |      44 |       0 |   0.0 |      28 |       0 |   0.0
        D:2 |      58 |       6 |   9.4 |      24 |       4 |  14.3
        D:3 |     205 |      78 |  27.6 |      30 |      14 |  31.8
        D:4 |     401 |     479 |  54.4 |      25 |      16 |  39.0
        D:5 |     565 |     369 |  39.5 |      14 |       2 |  12.5
        D:6 |     744 |    1444 |  66.0 |      17 |      17 |  50.0
        D:7 |    1025 |     211 |  17.1 |      23 |       2 |   8.0
        D:8 |    3705 |    1544 |  29.4 |      44 |      11 |  20.0
        D:9 |    2647 |     857 |  24.5 |      25 |       1 |   3.8
       D:10 |    3739 |       0 |   0.0 |      25 |       0 |   0.0
       D:11 |    4274 |     744 |  14.8 |      11 |      28 |  71.8
       D:12 |    6666 |       0 |   0.0 |      29 |       0 |   0.0
       D:13 |    6471 |      10 |   0.2 |      15 |       1 |   6.2
       D:15 |       0 |   15215 | 100.0 |       0 |      29 | 100.0
     Lair:1 |    5354 |    3287 |  38.0 |      19 |      16 |  45.7
     Lair:2 |    7593 |       0 |   0.0 |      31 |       0 |   0.0
     Lair:3 |    6199 |    2866 |  31.6 |      24 |      17 |  41.5
     Lair:4 |    3890 |       0 |   0.0 |      17 |       0 |   0.0
     Lair:5 |    6089 |    9004 |  59.7 |      19 |      19 |  50.0
    Abyss:2 |   12305 |       0 |   0.0 |      26 |       0 |   0.0
    Abyss:3 |    2041 |    4152 |  67.0 |      10 |       4 |  28.6
            +---------+---------+-------+---------+---------+-------
